 Dungeon Crawl Stone Soup version 0.32-a0-571-gec57dfcd37 (webtiles) character file.

Game seed: 6073864489323906069

2765 cforsyth the Scholar of Death (level 9, -8/84 HPs)
             Began as a Mountain Dwarf Necromancer on Mar 1, 2024.
             Was a Follower of Kikubaaqudgha.
             Mangled by a catoblepas (13 damage)
             ... on level 8 of the Dungeon.
             The game lasted 00:19:07 (10956 turns).

cforsyth the Scholar of Death (MDNe)               Turns: 10956, Time: 00:19:07

Health: -8/84      AC: 12    Str: 14    XL:     9   Next: 42%
Magic:  11/11      EV:  3    Int: 17    God:    Kikubaaqudgha [*.....]
Gold:   425        SH:  0    Dex: 10    Spells: 5/11 levels left

rFire   . . .        a - +1 whip
rCold   + . .        (no shield)
rNeg    . . .        x - +0 plate armour {rC+}
rPois   .            (helmet restricted)
rElec   .            (no cloak)
rCorr   .            e - +0 pair of gloves
SInv    .            n - +0 pair of boots
Will    .....        g - amulet of the acrobat Stlth
                     (no ring)
HPRegen 0.34/turn    (no ring)
MPRegen 0.12/turn

%: acrobat
@: mighty, hasted, very quick
A: runic magic, artefact enchanting, horns 1, inability to drink after injury 1
a: Renounce Religion, Unearth Wretches


You were on level 8 of the Dungeon.
You worshipped Kikubaaqudgha.
Kikubaaqudgha was aware of your devotion.
You visited 2 branches of the dungeon, and saw 9 of its levels.
You also visited: Sewer.

You collected 425 gold pieces.


Innate Abilities, Weirdness & Mutations

Your spellcasting is much less encumbered by armour.
You can use scrolls of enchantment on lesser artefacts.
You have a pair of small horns on your head.
You occasionally lose the ability to drink potions when taking damage.


   Skills:
 - Level 9.4 Fighting
 - Level 5.0 Maces & Flails
 + Level 0.0 Armour
 - Level 1.3 Dodging
 - Level 1.4 Stealth
 + Level 1.7 Spellcasting
 - Level 10.5 Necromancy


You had 5 spell levels left.
You knew the following spells:

 Your Spells              Type           Power      Damage    Failure   Level
a - Animate Dead          Necr           37%        N/A       9%          4
X - Necrotise             Necr           100%       1d9       1%          1
Y - Kiss of Death         Conj/Necr      76%        2d11      8%          1

Your spell library contained the following spells:

 Spells                   Type           Power      Damage    Failure   Level
 Fugue of the Fallen      Necr           37%        N/A       2%          3
 Vampiric Draining        Necr           37%        2d8       2%          3
 Cigotuvi's Dreadful Rot  Necr/Alch/Air  26%        N/A       24%         2
 Curse of Agony           Necr           37%        N/A       26%         5
 Magic Dart               Conj           4%         1d3       56%         1
 Blink                    Tloc           2%         N/A       71%         2
 Call Imp                 Summ           2%         N/A       71%         2
 Frozen Ramparts          Ice            2%         1d1       90%         3
 Tukima's Dance           Hex            1%         N/A       90%         3
 Leda's Liquefaction      Alch/Erth      0%         N/A       100%        4
 Passage of Golubria      Tloc           1%         N/A       100%        4
 Petrify                  Alch/Erth      1%         N/A       100%        4
 Metabolic Englaciation   Hex/Ice        0%         N/A       100%        5
 Yara's Violent Unravell  Hex/Alch       0%         3d3       100%        5

Inventory:

Hand Weapons
 a - a +1 whip (weapon)
Missiles
 p - a curare-tipped dart {=f}
 q - 19 poisoned darts
Armour
 e - a +0 pair of gloves (worn)
 h - a +0 scale mail
 n - a +0 pair of boots (worn)
 x - a +0 plate armour of cold resistance (worn)
Jewellery
 d - an amulet of reflection
 g - an amulet of the acrobat (around neck)
 N - a ring of positive energy
Wands
 j - a wand of flame (23)
 r - a wand of charming (9)
 v - a wand of acid (5)
Scrolls
 b - a scroll of amnesia
 l - a scroll of torment
 o - 4 scrolls of enchant weapon
 s - a scroll of immolation
 t - 2 scrolls of vulnerability
Potions
 c - 3 potions of attraction
 f - a potion of might
 i - a potion of heal wounds {@q2}
 k - 2 potions of haste {@q3}
 m - a potion of lignification {unknown}
 u - a potion of berserk rage {!q}
Miscellaneous
 w - a lightning rod (2/4)

Dungeon Overview and Level Annotations

Branches:
Dungeon (8/15)             Temple (1/1) D:6           Sewer (visited)
   Lair: D:8-11

Altars:
Ashenzari
Cheibriados
Dithmenos
Elyvilon
Fedhas
Gozag
Hepliaklqana
Kikubaaqudgha
Makhleb
Nemelex Xobeh
Okawaru
Qazlal
Ru
Sif Muna
Trog
Uskayaw
Vehumet
Xom
Yredelemnul
Zin
The Shining One

Shops:
D:2 (

Annotations:
D:2 1 runed translucent door, Crazy Yiuf

.### ####...# ###
..... #<# ##..♣ #.#
##...♣ #.# #..Y.♣ #.#
#.♣♣♣.♣ #.# ##§Y♣♣♣.♣
#.#########.§@.♣♣♣♣
#...........§..§...ß.
#############B.♣♣♣♣.♣
○.♣♣ °♣♣ #. ##


You could see a catoblepas (corroded) and a boulder beetle (rolling).


Message History

The catoblepas is moderately wounded.
Unknown command.
Aiming: Corrosive Bolt
Press: ? - help, Shift-Dir - straight line, f - catoblepas
Aim: a catoblepas (moderately wounded, 100% to hit)
The bolt of acid hits the catoblepas!
The acid corrodes the catoblepas!
The catoblepas is heavily wounded.
The catoblepas breathes a plume of calcifying dust at you.
The blast of calcifying dust hits you but does no damage.
A boulder beetle comes into view.
The boulder beetle curls into a ball and begins rolling!
Unknown command.
Unknown command.
Okay, then.
Aiming: Charm
Press: ? - help, Shift-Dir - straight line, f - boulder beetle, p - catoblepas
Aim: a boulder beetle (rolling, chance to affect: 31%)
The boulder beetle easily resists.
Aiming: Charm
Press: ? - help, Shift-Dir - straight line, f/p - boulder beetle
Aim: a boulder beetle (rolling, chance to affect: 31%)
The boulder beetle easily resists.
The catoblepas gores you!!
* * * LOW HITPOINT WARNING * * *
Unknown command.
Aiming: Charm
Press: ? - help, Shift-Dir - straight line, f/p - boulder beetle
Aim: a boulder beetle (rolling, chance to affect: 31%)
The boulder beetle easily resists.
The catoblepas gores you!
You die...
Kikubaaqudgha rasps: You have failed me!
Welcome... death!

Skill      XL: |  1  2  3  4  5  6  7  8  9 |
---------------+----------------------------+-----
Fighting       | 1 2 3 4 6 8 9 |  9.4
Necromancy     | 5 6 7 9 10 | 10.5
Maces & Flails | 2 4 5 |  5.0
Dodging        | |  1.3
Stealth        | |  1.4
Spellcasting   | |  1.7

Action                     |  1- 3 |  4- 6 |  7- 9 || total
---------------------------+-------+-------+-------++-------
  Melee: Unarmed           |    14 |       |       ||    14
         Punch             |     1 |       |       ||     1
         Whip              |       |    47 |   257 ||   304
         Headbutt          |       |       |    63 ||    63
   Cast: Necrotise         |    77 |   110 |   176 ||   363
         Animate Dead      |       |       |     4 ||     4
  Evoke: Wand              |       |       |     6 ||     6
         Lightning rod     |       |       |     2 ||     2
    Use: Scroll            |       |     8 |     7 ||    15
         Potion            |       |     4 |     7 ||    11
   Stab: Invisible         |       |       |     1 ||     1
 Armour: Robe              |    11 |       |       ||    11
         Scale mail        |     8 |   103 |   278 ||   389
         Plate armour      |       |       |     8 ||     8
  Dodge: Dodged            |    28 |    54 |   186 ||   268
  Block: Other             |     2 |       |       ||     2

Levels and vault maps discovered:
D:1:      lemuel_arrival_broad_hall, layout_basic, serial_curves,
          eino_curves_02, eino_curves_04
D:2:      layout_loops_ring, serial_shops, shop, basic_altar,
          uniq_crazy_yiuf_cottage
D:3:      layout_basic
D:4:      layout_loops_ring, mainiacjoe_overflow_large_starburst,
          gup_sewer_entry_bowl, hex_large, moated_statue
D:5:      layout_basic, minmay_crossroads
D:6:      layout_loops_corners, minmay_temple_entry_stoned_glass
D:7:      layout_basic, serial_glass, glass_columns_a, glass_columns_a,
          glass_columns_a, glass_columns_a, glass_columns_a, glass_columns_a,
          chequers_serial_rivers_micro_c, dk_noncrumbling_4,
          grunt_decor_one_mirror, minmay_checkerbox
D:8:      layout_basic, due_lair_maze_entry_diamond, kb_rosetta, uniq_jeremiah
Temple:   nicolae_temple_bog_church

Notes
Turn   | Place    | Note
-------+----------+-------------------------------------------
     0 | D:1      | cforsyth the Mountain Dwarf Necromancer began the quest for
                  | the Orb.
     0 | D:1      | Reached XP level 1. HP: 14/14 MP: 3/3
   314 | D:1      | Reached skill level 1 in Fighting
   354 | D:1      | Reached XP level 2. HP: 23/23 MP: 1/4
   773 | D:1      | Reached skill level 5 in Necromancy
   941 | D:1      | Reached skill level 2 in Fighting
   941 | D:1      | Reached XP level 3. HP: 29/29 MP: 2/5
  2092 | D:2      | Reached XP level 4. HP: 37/37 MP: 1/6
  2116 | D:2      | Learned a level 4 spell: Animate Dead
  2164 | D:2      | Found Ittupos's Weapon Emporium.
  2503 | D:2      | Found a blossoming altar of Fedhas.
  2792 | D:2      | Found a runed translucent door.
  2793 | D:2      | Noticed Crazy Yiuf
  2913 | D:2      | Reached skill level 3 in Fighting
  2913 | D:2      | Reached skill level 1 in Maces & Flails
  3381 | D:4      | Noticed a scorpion
  3394 | D:4      | Killed a scorpion
  3395 | D:4      | Reached skill level 2 in Maces & Flails
  3395 | D:4      | Reached XP level 5. HP: 25/45 MP: 2/7
  3598 | D:4      | Found a glowing drain.
  3602 | Sewer    | Entered a sewer
  3642 | Sewer    | Reached skill level 6 in Necromancy
  3642 | Sewer    | Reached XP level 6. HP: 39/52 MP: 0/8
  3787 | Sewer    | Reached skill level 4 in Fighting
  3787 | Sewer    | Reached skill level 3 in Maces & Flails
  3943 | Sewer    | Reached skill level 4 in Maces & Flails
  4154 | Sewer    | Reached XP level 7. HP: 41/60 MP: 1/9
  4434 | D:4      | Identified the +0 orcbow of Anger {heavy, rC- Int+4 SInv}
  4463 | D:4      | Found a radiant altar of Vehumet.
  4860 | D:4      | Found a bloodstained altar of Trog.
  4936 | D:5      | Entered Level 5 of the Dungeon
  4944 | D:5      | Reached skill level 5 in Fighting
  5025 | D:4      | Gained mutation: You occasionally lose the ability to drink
                  | potions when taking damage. [potion of mutation]
  5025 | D:4      | Gained mutation: You have a pair of small horns on your
                  | head. [potion of mutation]
  5035 | D:4      | Reached skill level 7 in Necromancy
  5483 | D:4      | Reached skill level 5 in Maces & Flails
  6111 | D:5      | Reached skill level 6 in Fighting
  6141 | D:5      | Reached XP level 8. HP: 35/70 MP: 10/10
  6557 | D:5      | Reached skill level 8 in Necromancy
  7064 | D:6      | Found a staircase to the Ecumenical Temple.
  7220 | D:5      | HP: 5/71 [something (6)]
  7224 | D:5      | Reached skill level 7 in Fighting
  7596 | Temple   | Entered the Ecumenical Temple
  7611 | Temple   | Became a worshipper of Kikubaaqudgha
  8117 | D:6      | Reached skill level 9 in Necromancy
  8518 | D:6      | Reached skill level 8 in Fighting
  9324 | D:7      | Reached XP level 9. HP: 80/82 MP: 8/11
  9501 | D:7      | Reached * piety under Kikubaaqudgha
  9501 | D:7      | Received a gift from Kikubaaqudgha
 10047 | D:7      | Reached skill level 10 in Necromancy
 10059 | D:7      | Reached skill level 9 in Fighting
 10782 | D:7      | Learned a level 1 spell: Kiss of Death
 10938 | D:8      | Noticed a catoblepas
 10953 | D:8      | Noticed a boulder beetle
 10955 | D:8      | HP: 5/84 [catoblepas (19)]
 10956 | D:8      | Mangled by a catoblepas

Vanquished Creatures
  A water moccasin (D:4)
  A sky beast (D:5)
  An ice beast (D:7)
  An orc warrior (D:7)
  A black bear (D:7)
  3 ogres
  A centaur (D:6)
  2 bullfrogs (D:6)
  5 kobold brigands (Sewer)
  4 scorpions
  4 killer bees
  3 howler monkeys
  2 hounds
  A jelly (D:7)
  3 orc priests
  4 sleepcaps
  2 iguanas (D:5)
  6 orc wizards
  4 gnolls
  5 adders
  A river rat (D:4)
  A shadow imp (D:5)
  2 white imps
  A dart slug (D:1)
  A ribbon worm (D:4)
  21 orcs
  9 endoplasms
  8 giant cockroaches
  7 hobgoblins
  3 jackals
  3 quokkas
  5 ball pythons
  5 bats
  4 frilled lizards
  7 goblins
  16 kobolds
  9 rats
157 creatures vanquished.

Vanquished Creatures (collateral kills)
  A centaur (D:7)
  A howler monkey (D:5)
  2 iguanas (D:5)
  An orc wizard (D:7)
  An adder (D:5)
  4 orcs (D:7)
  An endoplasm (Sewer)
  A kobold (Sewer)
  A frilled lizard (D:1)
  A rat (D:1)
14 creatures vanquished.

Grand Total: 171 creatures vanquished

Table legend: (Time is in decaauts)
 A = Elapsed time spent in this place.
 B = Non-inter-level travel time spent in this place.
 C = Inter-level travel time spent in this place.
 D = Time resting spent in this place.
 E = Time spent auto-exploring this place.
 F = Levels seen in this place.
 G = Mean time per level.
                   A        B        C        D        E       F      G
               +--------+--------+--------+--------+--------+-----+--------+
         Total |  10953 |  10447 |    506 |   2071 |   6366 |  10 | 1095.3 |
       Dungeon |  10124 |   9678 |    446 |   2013 |   5833 |   8 | 1265.5 |
        Temple |     61 |      1 |     60 |      0 |      0 |   1 |   61.0 |
         Sewer |    767 |    767 |      0 |     58 |    532 |   1 |  767.0 |
               +--------+--------+--------+--------+--------+-----+--------+

Top non-repeatable levels by time:
     D:6: 2064 daAuts
     D:4: 1749 daAuts
     D:5: 1520 daAuts
     D:7: 1340 daAuts
     D:1: 1336 daAuts
     D:2: 1192 daAuts
     D:3: 772 daAuts
   Sewer: 767 daAuts
     D:8: 147 daAuts
  Temple: 61 daAuts

Table legend:
 A = Non-vault XP
 B = Vault XP
 C = Vault XP percentage of total XP
 D = Non-vault monster count
 E = Vault monster count
 F = Vault count percentage of total count
                 A         B        C        D         E       F
            +---------+---------+-------+---------+---------+-------
      Total |    2852 |    1099 |  27.8 |     141 |      30 |  17.5
            +---------+---------+-------+---------+---------+-------
        D:1 |      42 |       0 |   0.0 |      27 |       0 |   0.0
        D:2 |      75 |       0 |   0.0 |      23 |       0 |   0.0
        D:3 |      46 |       0 |   0.0 |      11 |       0 |   0.0
        D:4 |     383 |     101 |  20.9 |      16 |       5 |  23.8
        D:5 |     704 |       0 |   0.0 |      20 |       0 |   0.0
        D:6 |     938 |       0 |   0.0 |      23 |       0 |   0.0
        D:7 |     664 |     464 |  41.1 |      21 |       4 |  16.0
      Sewer |       0 |     534 | 100.0 |       0 |      21 | 100.0
            +---------+---------+-------+---------+---------+-------
